 Dungeon Crawl Stone Soup version 0.27.1 (webtiles) character file.

Game seed: 9600625413723183291

124 funkygono the Firebug (level 5, -1/28 HPs)
             Began as a Gargoyle Fire Elementalist on Aug 29, 2021.
             Killed from afar by Natasha (8 damage)
             ... with a magic dart
             ... on level 2 of the Dungeon.
             The game lasted 00:04:18 (2377 turns).

funkygono the Firebug (Gargoyle Fire Elementalist)  Turns: 2377, Time: 00:04:19

Health: -1/28      AC:  6    Str: 11    XL:     5   Next: 8%
Magic:  7/10       EV: 12    Int: 17    God:
Gold:   92         SH:  0    Dex: 10    Spells: 6/10 levels left

rFire    . . .     SeeInvis .   n - +0 whip
rCold    . . .     Faith    .   (no shield)
rNeg     + . .     Spirit   .   a - +0 robe
rPois    ∞         Reflect  .   (no helmet)
rElec    +         Harm     .   (no cloak)
rCorr    .         Rampage  .   (no gloves)
Will     .....                  (no boots)
Stlth    ++........             (no amulet)
HPRegen  0.09/turn              (no ring)
MPRegen  0.12/turn              (no ring)

@: slowed, very slow
A: sickness immunity, AC +4, negative energy resistance 1, electricity
resistance, torment resistance 1, petrification resistance
a: no special abilities


You were on level 2 of the Dungeon.
You visited 1 branch of the dungeon, and saw 2 of its levels.

You collected 92 gold pieces.

Inventory:

Hand Weapons
 d - a +0 club
 n - a +0 whip (weapon)
Missiles
 c - 63 stones
 j - a throwing net
Armour
 a - a +0 robe (worn)
Wands
 o - a wand of digging (6)
Scrolls
 b - 2 scrolls of identify
 f - a scroll of holy word {unknown}
 g - a scroll of amnesia {unknown}
 i - a scroll of teleportation {unknown}
 l - a scroll of enchant armour {unknown}
 p - a scroll of fear {unknown}
Potions
 e - 2 potions of curing
 h - 2 potions of flight {unknown}
 k - a potion of haste {unknown}
 m - a potion of mutation {unknown}


   Skills:
 + Level 1.7 Dodging
 - Level 2.1 Stealth
 * Level 3.3 Spellcasting
 * Level 2.6 Conjurations
 * Level 3.9 Fire Magic


You had 6 spell levels left.
You knew the following spells:

 Your Spells              Type           Power      Damage    Failure   Level
a - Foxfire               Conj/Fire      56%        2x1d6     4%          1
b - Conjure Flame         Conj/Fire      14%        6-21      13%         3

Your spell library contained the following spells:

 Spells                   Type           Power      Damage    Failure   Level
 Shock                    Conj/Air       28%        1d4       10%         1
 Inner Flame              Hex/Fire       9%         N/A       22%         3
 Sticky Flame             Conj/Fire      14%        2d4       41%         4
 Swiftness                Air            2%         N/A       45%         3
 Fireball                 Conj/Fire      7%         3d5       77%         5
 Airstrike                Air            1%         N/A       86%         4


Dungeon Overview and Level Annotations

Branches:
Dungeon (2/15)

Altars:

Annotations:
D:2 Natasha


Innate Abilities, Weirdness & Mutations

You are immune to sickness and miasma.
Your stone body is resilient. (AC +4)
You are immune to poison.
You resist negative energy. (rN+)
You are resistant to electric shocks. (rElec)
You are resistant to unholy torment.
You are immune to petrification.


Message History

The shadow imp hits you. The crimson imp hits you.
The crimson imp blinks!
Natasha stares at you and mumbles some strange words.
The magic dart hits you.
Unknown command.
The shadow imp disappears in a puff of smoke!
The foxfire hits the crimson imp.
The crimson imp completely resists.
The foxfire hits the crimson imp but does no damage.
The crimson imp barely misses you.
Natasha mumbles some strange words.
The crimson imp barely misses you.
Casting: Foxfire (safe; 4% risk of failure)
Confirm with . or Enter, or press ? or * to list all spells.
You conjure some foxfire!
Natasha zaps a wand.
You resist with some effort. The crimson imp hits you.
The foxfire hits the crimson imp but does no damage.
Natasha claws you.
* * * LOW HITPOINT WARNING * * *
Casting: Foxfire (safe; 4% risk of failure)
Confirm with . or Enter, or press ? or * to list all spells.
You conjure some foxfire!
The foxfire hits the crimson imp.
The crimson imp completely resists.
The crimson imp hits you.
* * * LOW HITPOINT WARNING * * *
Natasha claws you.
* * * LOW HITPOINT WARNING * * *
The crimson imp hits you.
* * * LOW HITPOINT WARNING * * *
The crimson imp hits you but does no damage.
You feel better.
The foxfire hits the crimson imp.
The crimson imp completely resists.
The foxfire hits the crimson imp.
The crimson imp completely resists.
Natasha claws you but does no damage. The crimson imp hits you.
* * * LOW HITPOINT WARNING * * *
The crimson imp closely misses you. Natasha closely misses you.
Casting: Foxfire (safe; 4% risk of failure)
Confirm with . or Enter, or press ? or * to list all spells.
You conjure some foxfire!
The crimson imp barely misses you. The crimson imp closely misses you.
Natasha stares at you and mumbles some strange words.
The magic dart hits you!
You die...

.....)'...))....##..###.......#.#
.....##.#.########..# #...##.##.#
....###.............###...#<.##'#
##### #.##.########..##...##.....
#....# ##.##.....).... #..###
##.##..##......
#..##########..<...##...... ##
#........5.##...##.##...... .#
#........h@v....##.###..... .###
#........5.v..5..#.# #..... ...#
#..............#.#.######## ...#
#..######......#......# ...#
#..######.....)##.....# ...#
#......##......##.....# ...#
#.......'......##..####
...#####.....##......###.##
.............######### #..#


You could see Natasha (ally target) and 3 crimson imps.

Vanquished Creatures
  A jelly (D:2)
  Natasha (D:2)
  3 dart slugs
  7 bats
  12 endoplasms
  6 goblins
  A hobgoblin (D:1)
  A quokka (D:1)
  11 ball pythons
  3 frilled lizards
  11 kobolds
  7 rats
64 creatures vanquished.

Vanquished Creatures (collateral kills)
  A foxfire (D:2)
1 creature vanquished.

Vanquished Creatures (others)
  182 foxfires
  9 fungi (D:2)
  7 toadstools (D:2)
198 creatures vanquished.

Grand Total: 263 creatures vanquished

Notes
Turn   | Place    | Note
-------+----------+-------------------------------------------
     0 | D:1      | funkygono the Gargoyle Fire Elementalist began the quest
                  | for the Orb.
     0 | D:1      | Reached XP level 1. HP: 10/10 MP: 3/3
   233 | D:1      | Reached XP level 2. HP: 15/15 MP: 1/5
   656 | D:1      | Reached XP level 3. HP: 19/19 MP: 3/6
   660 | D:1      | Learned a level 3 spell: Conjure Flame
  1769 | D:2      | Reached XP level 4. HP: 13/24 MP: 4/8
  2174 | D:2      | Noticed Natasha
  2178 | D:2      | Killed Natasha
  2179 | D:2      | Reached XP level 5. HP: 28/28 MP: 4/10
  2351 | D:2      | Noticed Natasha
  2377 | D:2      | Killed from afar by Natasha

Illustrated notes

Levels and vault maps discovered:
D:1:      beargit_arrival_diablo_church, layout_basic, due_unseen_surprise
D:2:      cheibrodos_fertilizer, layout_basic, grunt_ministairs_2,
          minmay_misc_feat_chi, uniq_natasha

Skill      XL: |  1  2  3  4 |
---------------+-------------+-----
Conjurations   | 2 |  2.6
Spellcasting   | 3 |  3.3
Dodging        | |  1.7
Stealth        | |  2.1
Fire Magic     | |  3.9

Action                   |  1- 3 |  4- 6 || total
-------------------------+-------+-------++-------
Melee: Club              |       |     2 ||     2
       Unarmed           |       |     1 ||     1
 Cast: Foxfire           |    76 |    30 ||   106
  Use: Scroll            |     1 |       ||     1
       Potion            |       |     1 ||     1
Armor: Robe              |     9 |     5 ||    14
       Skin              |       |     2 ||     2
Dodge: Dodged            |    12 |    11 ||    23
